 Dungeon Crawl Stone Soup version 0.18.1-50-g88ac8fd (webtiles) character file.

1534 root the Magician (level 8, 38/38 HPs)
             Began as a Spriggan Conjurer on Sept 14, 2016.
             Was a Follower of Okawaru.
             Quit the game on level 6 of the Dungeon.
             The game lasted 00:40:00 (6667 turns).

root the Magician (Spriggan Conjurer)               Turns: 6667, Time: 00:40:01

Health: 38/38      AC:  5    Str:  4    XL:     8   Next: 55%
Magic:  14/19      EV: 23    Int: 18    God:    Okawaru [*.....]
Gold:   451        SH:  0    Dex: 21    Spells: 5 memorised, 5 levels left

rFire  . . .     SeeInvis +     f - +2 dagger (speed)
rCold  . . .     Gourm    .     t - +1 robe of Eniag {rN+ Dex+4}
rNeg   + . .     Faith    .     (shield restricted)
rPois  .         Spirit   .     (helmet restricted)
rElec  .         Dismiss  .     G - +1 cloak
rCorr  .         Reflect  .     (gloves unavailable)
SustAt .         Harm     .     (boots unavailable)
MR     +....                    (no amulet)
Stlth  +++.......               (no ring)
                                (no ring)

@: very quick, somewhat resistant to hostile enchantments, fairly stealthy
A: unfitting armour, see invisible, herbivore 3, speed 3, slow metabolism 2
a: Heroism, Renounce Religion


You were on level 6 of the Dungeon.
You worshipped Okawaru.
Okawaru was aware of your devotion.
You were full.

You visited 2 branches of the dungeon, and saw 7 of its levels.
You also visited: Ossuary.

You collected 518 gold pieces.
You spent 67 gold pieces at shops.

Inventory:

Hand Weapons
 f - a +2 dagger of speed (weapon)
Armour
 a - a +0 robe
 t - the +1 robe of Eniag (worn) {rN+ Dex+4}
   (You found it on level 4 of the Dungeon)

   It affects your dexterity (+4).
   It protects you from negative energy.
 G - a +1 cloak (worn)
Scrolls
 d - 2 scrolls of teleportation {unknown}
 g - 3 scrolls of identify
 h - 3 scrolls of recharging {unknown}
 i - 4 scrolls of remove curse
 k - a scroll of fog {unknown}
 n - 2 scrolls of fear {unknown}
 p - 3 scrolls of enchant weapon {unknown}
 r - 3 scrolls of magic mapping {unknown}
 s - a scroll of enchant armour {unknown}
 y - a scroll of random uselessness {unknown}
 C - a scroll of noise {unknown}
 D - a scroll of immolation {unknown}
Potions
 e - a potion of might {unknown}
 j - a potion of mutation {unknown}
 m - 5 potions of flight {unknown}
 o - 3 potions of ambrosia {unknown}
 u - a potion of curing {unknown}
 v - 3 potions of haste {unknown}
 w - 3 potions of agility {unknown}
 x - 3 potions of heal wounds {unknown}
 z - a potion of degeneration {unknown}
 A - a potion of invisibility {unknown}
 B - a potion of brilliance {unknown}
 E - a potion of magic {unknown}
 F - a potion of beneficial mutation {unknown}
 H - a potion of cure mutation {unknown}
Books
 b - a book of Conjurations

   Spells                             Type                      Level
   a - Magic Dart                     Conjuration                  1
   b - Searing Ray                    Conjuration                  2
   c - Dazzling Spray                 Conjuration/Hexes            3
   d - Fulminant Prism                Conjuration/Hexes            4
   e - Iskenderun's Mystic Blast      Conjuration                  4
   f - Iskenderun's Battlesphere      Conjuration/Charms           5
Comestibles
 c - 5 bread rations
 l - a slice of pizza
 q - 4 fruits


   Skills:
 + Level 1.7 Fighting
 + Level 2.3 Short Blades
 + Level 3.0 Armour
 + Level 6.5 Dodging
 - Level 3.0 Stealth
 * Level 7.2 Spellcasting
 * Level 4.6 Conjurations
 + Level 2.6 Hexes
 + Level 3.7 Charms


You had 5 spell levels left.
You knew the following spells:

 Your Spells              Type           Power        Failure   Level  Hunger
a - Magic Dart            Conj           ###.         1%          1    None
b - Searing Ray           Conj           ###...       2%          2    None
c - Iskenderun's Mystic   Conj           ###.....     21%         4    ####...
d - Fulminant Prism       Conj/Hex       ###.......   28%         4    ####...
e - Iskenderun's Battles  Conj/Chrm      ###.....     67%         5    #####..


Dungeon Overview and Level Annotations

Branches:
Dungeon (6/15)             Temple (1/1) D:6

Altars:
Dithmenos
Kikubaaqudgha
Okawaru
Qazlal
Sif Muna
Zin
The Shining One

Shops:
D:6 [


Innate Abilities, Weirdness & Mutations

You are tiny and cannot use many weapons and most armour.
You have supernaturally acute eyesight.
You are a herbivore.
You cover ground extremely quickly.
You need consume almost no food.


Message History

Press: ? - help, Shift-Dir - straight line, f/p - ogre
Aim: an ogre, wielding a giant spiked club (lightly wounded)
The searing ray hits the ogre.
The ogre is moderately wounded.
The searing ray hits the ogre.
The ogre is heavily wounded.
The searing ray hits the ogre.
The ogre is almost dead.
The ogre completely misses you.
The searing ray hits the ogre.
You kill the ogre!
Okawaru accepts your kill.
You see here a giant spiked club.
Found 29 sling bullets.
You see here 29 sling bullets.
Found 11 gold pieces.
You now have 451 gold pieces (gained 11).
Quiver which item? (- for none, * to show all) (? for menu, Esc to quit)
Okay, then.
Are you sure you want to abandon this character and quit the game? (Confirm with "yes".)

.#.⌠.⌠.####. #....)...
.....###. +#.....#
.......... .. .###'###
..#.# # .....#
#######.#.# # .....#
#.........# .....#
#.######(.# .....#
#.#.......# .#####
#.#.####.## .####
#.#..@....#
....########.#.......#
...........#)#.......#
.............##......#
...........####......#
### ...........#
######## ...
...........# #..
....#.###### #..
..#+#.# #..


There were no monsters in sight!

Vanquished Creatures
  Sigmund (D:6)
  An ogre (D:6)
  2 centaurs
  The ghost of negitausen the Firebug, an amateur HEFE (D:4)
  A howler monkey (D:4)
  2 crimson imps (D:5)
  A quasit (D:6)
  A centaur skeleton (D:5)
  2 giant frog skeletons
  2 hounds
  3 orc priests
  6 orc wizards
  4 worker ants
  A killer bee zombie (D:5)
  A big kobold zombie (Ossuary)
  A hound skeleton (D:4)
  8 mummies (Ossuary)
  Robin (D:2)
  4 gnolls (D:5)
  10 adders
  A shadow imp (D:5)
  6 worms
  3 giant geckos
  19 orcs
  4 ball pythons
  4 bats
  3 giant cockroaches
  21 goblins
  10 hobgoblins
  3 jackals
  5 kobolds
  2 quokkas
  3 giant newts
  2 gnoll zombies (Ossuary)
  A goblin skeleton (D:6)
  6 hobgoblin zombies
  2 kobold skeletons (D:6)
  2 kobold zombies
  An orc skeleton (D:6)
  3 orc zombies
  8 rats
162 creatures vanquished.

Vanquished Creatures (others)
  An orc skeleton (D:6)
1 creature vanquished.

Grand Total: 163 creatures vanquished

Notes
Turn   | Place    | Note
--------------------------------------------------------------
     0 | D:1      | root the Spriggan Conjurer began the quest for the Orb.
     0 | D:1      | Reached XP level 1. HP: 9/9 MP: 5/5
   206 | D:1      | Reached XP level 2. HP: 13/13 MP: 1/6
   229 | D:1      | Reached skill level 3 in Spellcasting
   669 | D:2      | Learned a level 2 spell: Searing Ray
   851 | D:2      | Reached XP level 3. HP: 16/16 MP: 0/9
   852 | D:2      | Noticed Robin
   955 | D:2      | Killed Robin
  1210 | D:2      | Found a shadowy altar of Dithmenos.
  1211 | D:2      | Found a glowing silver altar of Zin.
  1266 | D:2      | Found an ancient bone altar of Kikubaaqudgha.
  1405 | D:2      | Found a stormy altar of Qazlal.
  1412 | D:2      | You fall through a shaft!
  1558 | D:3      | Reached XP level 4. HP: 21/21 MP: 4/10
  1580 | D:3      | Reached skill level 4 in Spellcasting
  1675 | D:3      | Reached skill level 1 in Armour
  2103 | D:2      | Reached XP level 5. HP: 24/24 MP: 4/12
  2718 | D:3      | Reached skill level 5 in Spellcasting
  2982 | D:3      | Reached XP level 6. HP: 14/28 MP: 6/15
  3208 | D:3      | Reached skill level 5 in Dodging
  3505 | D:4      | Learned a level 4 spell: Iskenderun's Mystic Blast
  3510 | D:4      | Learned a level 4 spell: Fulminant Prism
  3516 | D:4      | Learned a level 5 spell: Iskenderun's Battlesphere
  3654 | D:4      | Got a ripped robe
  3660 | D:4      | Identified the +1 robe of Eniag {rN+ Dex+4} (You found it on level 4 of the Dungeon)
  3900 | D:4      | Reached skill level 6 in Spellcasting
  3907 | D:4      | Noticed negitausen's ghost (amateur HEFE)
  4069 | D:4      | Killed negitausen's ghost
  4069 | D:4      | Reached XP level 7. HP: 32/32 MP: 3/17
  4170 | D:4      | Reached skill level 1 in Hexes
  4205 | D:4      | Reached skill level 1 in Charms
  4298 | D:5      | Entered Level 5 of the Dungeon
  4299 | D:5      | Found an iron altar of Okawaru.
  4309 | D:5      | Became a worshipper of Warmaster Okawaru
  4416 | D:5      | Found a sand-covered staircase.
  4485 | Ossuary  | Entered an ossuary
  5067 | Ossuary  | Reached skill level 1 in Short Blades
  5447 | D:5      | Reached skill level 1 in Fighting
  5566 | D:5      | Reached * piety under Okawaru
  5644 | D:5      | Reached XP level 8. HP: 34/37 MP: 4/19
  5862 | D:6      | Found a glowing golden altar of the Shining One.
  5862 | D:6      | Noticed Sigmund
  5928 | D:6      | Found a deep blue altar of Sif Muna.
  6064 | D:6      | Killed Sigmund
  6064 | D:6      | Reached skill level 7 in Spellcasting
  6552 | D:6      | Found Qobai's Antique Armour Shoppe.
  6560 | D:6      | Bought a glowing cloak for 67 gold pieces
  6609 | D:6      | Found a staircase to the Ecumenical Temple.
  6615 | Temple   | Entered the Ecumenical Temple
  6667 | D:6      | Quit the game

Skill      XL: |  1  2  3  4  5  6  7  8 |
---------------+-------------------------+-----
Conjurations   | 3 4 |  4.6
Spellcasting   | 3 4 5 6 7 |  7.2
Dodging        | 4 5 6 |  6.5
Armour         | 1 2 3 |  3.0
Hexes          | 2 |  2.6
Charms         | 2 3 |  3.7
Short Blades   | 1 2 |  2.3
Fighting       | 1 |  1.7
Stealth        | |  3.0

Action                   |  1- 3 |  4- 6 |  7- 9 || total
-------------------------+-------+-------+-------++-------
Melee: Dagger            |    25 |     4 |    62 ||    91
 Cast: Magic Dart        |    55 |   126 |   123 ||   304
       Searing Ray       |     6 |    16 |    33 ||    55
  Use: Scroll            |       |     2 |       ||     2
 Stab: Sleeping          |       |     1 |     3 ||     4
  Eat: Bread ration      |       |       |     1 ||     1
       Fruit             |       |       |     1 ||     1
Armor: Robe              |     3 |     2 |     7 ||    12
Dodge: Dodged            |    22 |    39 |    80 ||   141
